Map: Lerilak Crest

Players

MrWhite

  • Race: Terran Terran
  • League: Bronze

wabbajack - Winner!

  • Race: Zerg Zerg
  • League: Gold

VOD

Have the link to the VOD?

Description

Time

  • Played on: July 19, 2015, 3:18 p.m.
  • Length: 25:42
Show
View Real Time Build Order
Export as new Build Order

MrWhite Terran 

Build Orders:  

Get SALT Encoding   

  12  0:04  SCV  
  13  0:16  SCV  
  13  0:20  Supply Depot  
  14  0:28  SCV  
  15  0:30  Refinery  
  15  0:45  SCV  
  15  0:47  Barracks  
  16  0:57  SCV  
  17  1:09  SCV  
  18  1:19  Supply Depot  
  18  1:21  SCV  
  19  1:33  SCV  
  19  1:36  Marine  
  21  1:46  Orbital Command  
  21  2:02  Barracks  
  21  2:05  Command Center  
  21  2:08  Marine  
  22  2:28  Marine  
  23  2:32  Factory  
  23  2:36  SCV  
  24  2:41  Engineering Bay  
  24  2:45  Marine  
  24  2:46  Refinery  
  24  2:49  SCV  
  26  2:57  Supply Depot  
  26  3:01  SCV  
  27  3:11  Missile Turret  
  27  3:29  Bunker  
  27  3:30  Marine  
  27  3:31  Widow Mine  
  30  3:37  Starport  
  30  3:39  SCV  
  31  3:49  Orbital Command  
  31  4:04  Refinery  
  31  4:09  Liberator  
  31  4:22  Marine  
  32  4:24  SCV  
  36  4:32  Starport  
  36  4:36  SCV x2  
  38  4:42  Refinery  
  38  4:48  SCV  
  38  4:50  SCV  
  38  4:51  Widow Mine  
  38  4:52  Liberator  
  42  4:58  Supply Depot  
  42  5:00  SCV  
  43  5:13  SCV  
  43  5:14  SCV  
  48  5:22  Marine  
  48  5:25  SCV  
  48  5:26  SCV  
  48  5:38  SCV  
  48  5:40  Marine  
  38  5:54  Orbital Command  
  36  6:10  Armory  
  35  6:23  SCV  
  36  6:34  Liberator x2  
  36  6:35  SCV  
  37  6:44  Widow Mine  
  37  6:45  SCV  
  40  6:47  SCV  
  40  6:49  Missile Turret  
  47  6:57  SCV  
  47  6:59  Command Center, SCV  
  49  7:09  SCV  
  49  7:11  SCV  
  49  7:12  Missile Turret, Widow Mine  
  53  7:26  Missile Turret  
  53  7:28  SCV  
  53  7:29  SCV, Refinery  
  55  7:39  Terran Ship Weapons Level 1  
  55  7:40  SCV  
  55  7:41  SCV  
  57  7:47  Starport Reactor  
  57  7:48  Starport Reactor  
  57  7:51  Terran Infantry Armor Level 1, Marine  
  58  7:52  SCV  
  58  7:53  SCV  
  60  8:00  Starport  
  60  8:04  SCV  
  61  8:06  SCV  
  61  8:10  Marine  
  63  8:16  SCV  
  63  8:18  SCV  
  65  8:28  Marine  
  66  8:39  Starport Tech Lab  
  66  8:44  Starport  
  66  8:46  Marine  
  67  8:58  Command Center  
  67  9:16  Planetary Fortress  
  67  9:19  SCV  
  67  9:20  SCV  
  69  9:24  Starport Tech Lab  
  69  9:31  SCV  
  69  9:32  SCV, Fusion Core  
  69  9:34  Missile Turret  
  69  9:36  Supply Depot, Starport  
  69  9:38  Starport  
  71  9:43  SCV  
  71  9:44  SCV, Liberator x2, Supply Depot  
  73  9:50  Liberator  
  73  9:51  Liberator  
  73  9:56  SCV x2  
  73  9:59  Supply Depot  
  75  10:02  Refinery  
  75  10:04  Refinery  
  81  10:07  Supply Depot  
  81  10:08  SCV x2  
  81  10:13  Terran Ship Weapons Level 2  
  89  10:18  Starport Tech Lab x2  
  89  10:20  SCV  
  89  10:21  Factory Tech Lab  
  90  10:22  Supply Depot  
  90  10:28  SCV x2  
  92  10:32  Supply Depot, SCV  
  93  10:40  SCV  
  94  10:42  Command Center  
  94  10:44  Supply Depot, Battlecruiser  
  100  11:08  SCV, Missile Turret  
  100  11:09  SCV  
  102  11:13  Supply Depot  
  102  11:16  Armory  
  102  11:20  SCV  
  102  11:21  Battlecruiser, SCV  
  102  11:22  Refinery  
  102  11:24  Refinery  
  110  11:28  Planetary Fortress  
  110  11:32  SCV, Missile Turret  
  111  11:35  Supply Depot  
  111  11:46  SCV  
  113  11:47  SCV x2  
  114  11:58  Supply Depot  
  114  11:59  Battlecruiser x2, SCV x3  
  129  12:09  SCV  
  129  12:11  SCV x2  
  129  12:12  Terran Vehicle And Ship Armor Level 1  
  132  12:21  Supply Depot  
  132  12:25  Raven  
  132  12:26  Raven  
  136  12:36  Viking  
  136  12:37  Viking x3  
  144  12:56  Command Center, SCV x4  
  148  13:02  Viking  
  119  13:27  Battlecruiser x3  
  124  13:53  Battlecruiser  
  130  13:58  SCV  
  131  14:07  SCV x3  
  134  14:10  SCV  
  135  14:19  SCV x3  
  135  14:21  Refinery  
  138  14:48  Refinery  
  138  14:49  Weapon Refit  
  138  14:51  Battlecruiser x2  
  150  14:53  Refinery  
  131  15:36  Armory  
  131  15:46  SCV x3  
  134  15:52  Planetary Fortress  
  134  15:58  SCV x3  
  134  16:03  Missile Turret  
  125  16:09  Battlecruiser x3  
  125  16:10  Command Center  
  143  16:23  Missile Turret  
  143  16:24  Armory  
  140  16:43  Missile Turret  
  132  16:49  Battlecruiser  
  135  17:13  Battlecruiser x2  
  147  17:19  SCV  
  148  17:27  Terran Vehicle And Ship Armor Level 2  
  148  17:29  Terran Ship Weapons Level 3  
  148  17:31  SCV, Behemoth Reactor  
  148  17:35  Planetary Fortress  
  149  17:38  Missile Turret  
  149  17:43  SCV  
  135  17:55  SCV  
  136  18:00  SCV  
  136  18:01  SCV  
  137  18:13  SCV x2  
  131  18:25  SCV  
  125  18:42  SCV  
  126  18:50  SCV  
  126  18:54  SCV  
  128  19:12  Viking x3  
  128  19:13  Viking  
  136  19:23  Refinery  
  136  19:24  Refinery  
  127  19:50  SCV  
  128  19:54  SCV  
  129  20:03  SCV  
  129  20:06  SCV  
  131  20:15  SCV, Refinery  
  131  20:18  SCV, Orbital Command  
  133  20:27  SCV, Viking x3  
  133  20:28  Viking x5  
  148  20:30  SCV  
  151  20:35  Orbital Command  
  151  20:39  Supply Depot, SCV  
  152  20:43  SCV  
  153  20:51  SCV x2  
  153  20:55  SCV  
  156  20:57  Viking  
  156  21:02  Supply Depot  
  156  21:03  SCV x2  
  160  21:07  SCV  
  160  21:08  Banshee, Raven  
  160  21:09  Raven x2  
  170  21:15  SCV  
  171  21:27  Supply Depot  
  171  21:28  SCV  
  172  21:37  Viking x3  
  178  21:40  SCV  
  179  21:50  Supply Depot, Missile Turret  
  179  21:51  Raven x2  
  183  21:59  Supply Depot  
  183  22:05  Starport  
  183  22:08  SCV  
  183  22:09  Refinery  
  183  22:10  Refinery  
  183  22:12  Missile Turret  
  183  22:13  Supply Depot  
  184  22:20  SCV  
  185  22:23  Supply Depot  
  185  22:36  Supply Depot  
  185  22:42  Starport  
  185  22:43  Raven x2  
  189  22:45  Battlecruiser  
  114  23:20  Battlecruiser  
  114  23:22  Marine  
  114  23:26  Battlecruiser x2  
  127  23:40  Marine  
  105  23:58  Marine  
  105  24:14  Battlecruiser  
  105  24:16  Marine  
  118  24:24  Battlecruiser  
  117  24:34  Marine  
  116  24:40  SCV  
  116  24:52  SCV, Marine  
  115  25:04  SCV  
  108  25:09  Marine  
  103  25:16  SCV  
  75  25:28  SCV  
Show
View Real Time Build Order
Export as new Build Order

wabbajack Zerg - Winner!

Build Orders: Hatch First, Lurkers 

Get SALT Encoding   

  12  0:03  Drone  
  13  0:21  Overlord  
  13  0:23  Drone  
  13  0:27  Extractor  
  14  0:28  Drone  
  14  0:29  Extractor  
  14  0:33  Drone  
  16  0:43  Drone  
  17  1:00  Hatchery  
  17  1:01  Drone  
  17  1:05  Extractor  
  17  1:06  Drone  
  17  1:20  Spawning Pool  
  16  1:33  Drone  
  16  1:34  Drone  
  18  2:00  Drone  
  20  2:01  Drone, Overlord  
  20  2:06  Queen  
  22  2:15  Queen, Zergling x4  
  24  2:22  Drone  
  27  2:26  Drone  
  27  2:28  Metabolic Boost  
  28  2:33  Extractor  
  27  2:51  Pneumatized Carapace  
  27  3:00  Drone x3  
  27  3:01  Drone x2  
  27  3:02  Overlord  
  32  3:32  Baneling Nest  
  32  3:33  Drone  
  32  3:34  Drone x9  
  41  3:49  Spine Crawler  
  41  3:53  Overlord x2  
  40  3:57  Zergling x4  
  40  3:58  Zergling x2  
  43  4:09  Zergling x2  
  44  4:13  Zergling x6  
  44  4:14  Zergling x2  
  44  4:15  Baneling  
  44  4:16  Baneling x3  
  48  4:33  Overlord  
  48  4:37  Queen  
  50  4:39  Overlord x2  
  50  5:06  Baneling x3  
  50  5:07  Baneling  
  50  5:27  Hatchery  
  46  5:55  Spore Crawler, Queen  
  47  5:57  Spore Crawler  
  47  5:58  Lair  
  47  6:00  Spore Crawler  
  47  6:01  Spore Crawler  
  47  6:02  Spore Crawler  
  38  6:22  Evolution Chamber  
  38  6:25  Evolution Chamber  
  35  6:41  Drone x5  
  35  6:42  Drone x2  
  42  6:52  Drone x4  
  42  6:53  Drone x6  
  42  6:54  Drone x5  
  54  6:55  Drone x6  
  54  6:56  Drone x5  
  68  7:11  Extractor x2  
  66  7:19  Extractor x2  
  66  7:22  Hydralisk Den  
  63  7:23  Infestation Pit  
  63  7:25  Zerg Missile Weapons Level 1, Zerg Ground Armor Level 1  
  63  7:26  Roach Warren  
  63  7:28  Centrifical Hooks  
  61  7:32  Drone x3  
  61  7:34  Overlord x4  
  64  7:40  Lurker Den  
  64  7:45  Spore Crawler  
  64  7:48  Spore Crawler, Drone x3  
  64  7:49  Drone x3  
  64  7:50  Drone x3  
  71  7:51  Overlord x4  
  71  7:52  Overlord  
  71  8:03  Spire  
  70  8:05  Hive  
  65  8:30  Hydralisk  
  65  8:31  Hydralisk x8  
  83  8:49  Spore Crawler  
  83  8:50  Drone x4  
  83  8:51  Drone x3, Spore Crawler  
  88  9:21  Corruptor x7  
  88  9:22  Corruptor  
  104  9:26  Muscular Augments  
  104  9:33  Hatchery  
  103  9:59  Zerg Ground Armor Level 2, Zerg Missile Weapons Level 2  
  103  10:11  Greater Spire  
  103  10:24  Queen  
  105  10:29  Hatchery  
  105  10:30  Hatchery  
  105  10:35  Adrenal Glands  
  103  10:38  Lurker  
  103  10:39  Lurker x2, Extractor  
  103  10:40  Lurker  
  103  10:42  Extractor, Zergling x20  
  115  10:44  Overlord x2  
  115  11:05  Drone x3  
  115  11:06  Drone x3  
  115  11:07  Drone  
  115  11:08  Drone x7  
  115  11:09  Drone x6  
  115  11:10  Drone x2  
  137  11:28  Zerg Flyer Weapons Level 1  
  137  11:36  Corruptor x2, Hydralisk x3  
  137  11:37  Corruptor x3, Hydralisk x2  
  137  11:38  Hydralisk  
  159  11:43  Overseer x2  
  159  12:12  Overlord x2  
  159  12:13  Overlord x3  
  159  12:15  Extractor  
  158  12:18  Extractor  
  158  12:19  Brood Lord x3  
  158  12:20  Brood Lord x2  
  158  12:21  Zergling x2  
  158  12:22  Zergling x24  
  180  12:29  Glial Reconstitution  
  180  12:32  Zerg Melee Weapons Level 1  
  102  13:33  Queen  
  92  13:38  Corruptor x6  
  92  13:39  Corruptor x9  
  122  13:44  Zergling x14  
  122  13:45  Zergling x36  
  122  13:46  Zergling x8  
  122  13:47  Zergling x6  
  150  14:11  Hatchery  
  149  14:42  Zerg Melee Weapons Level 2  
  149  14:44  Zerg Ground Armor Level 3  
  149  14:46  Extractor  
  149  14:47  Extractor  
  149  14:51  Ultralisk Cavern  
  146  14:54  Drone x3  
  146  14:55  Drone x3  
  151  15:10  Corruptor  
  151  15:11  Corruptor x12  
  136  15:27  Viper  
  120  15:38  Viper  
  118  15:50  Viper  
  111  16:05  Zerg Flyer Weapons Level 2  
  111  16:30  Hatchery  
  110  16:35  Hatchery  
  110  16:37  Spore Crawler  
  110  16:38  Spore Crawler  
  105  16:40  Corruptor  
  105  16:41  Corruptor x9  
  105  16:48  Viper  
  105  16:50  Zergling x2  
  105  16:51  Zergling x48  
  105  16:52  Zergling x2  
  119  17:38  Zerg Melee Weapons Level 3  
  119  17:39  Zerg Missile Weapons Level 3  
  116  17:46  Corruptor x7  
  120  18:16  Hatchery  
  98  18:30  Corruptor x8  
  112  18:45  Drone x2  
  112  18:47  Drone  
  115  19:04  Chitinous Plating  
  115  19:11  Corruptor x6  
  127  19:17  Zerg Flyer Armor Level 1  
  84  19:57  Extractor  
  84  19:59  Extractor  
  82  20:13  Corruptor x3, Hydralisk x5  
  82  20:14  Corruptor x3, Hydralisk x3, Extractor  
  93  20:15  Hydralisk  
  93  20:17  Extractor  
  93  20:19  Extractor  
  109  20:23  Extractor  
  108  20:29  Drone x3  
  108  20:30  Drone x2  
  108  20:31  Drone x4  
  117  20:58  Drone x3  
  117  20:59  Drone  
  117  21:00  Drone x2  
  117  21:01  Drone  
  117  21:03  Drone x3  
  127  21:10  Viper x5, Extractor  
  141  21:44  Hydralisk x2  
  141  21:45  Corruptor x3, Hydralisk x4  
  141  21:46  Corruptor x2, Hydralisk x4  
  171  22:11  Zerg Flyer Armor Level 2  
  171  22:16  Corruptor x3, Hydralisk x4  
  168  22:46  Corruptor x4, Hydralisk x4  
  160  23:17  Zergling x2  
  160  23:18  Zergling x30  
Tags
 
Add a new tag
Caveats
  • Supply blocks, unpowered buildings, or Contaminate may cause inaccurate times.
  • Supply counts are checked every 10 seconds.